Map: Retraite de l’acolyte EC

Players

zidar - Winner!

  • Race: Zerg Zerg
  • League: Gold
  • Spawn Location: 7:00

tojuskaw

  • Race: Protoss Protoss
  • League: Gold
  • Spawn Location: 1:00

VOD

Have the link to the VOD?

Description

Time

  • Played on: Aug. 30, 2017, 3:03 p.m.
  • Length: 22:15
Show
View Real Time Build Order
Export as new Build Order

zidar Zerg - Winner!

Build Orders: Pool First 

Get SALT Encoding   

  12  0:02  Drone  
  13  0:12  Overlord  
  13  0:17  Drone  
  14  0:30  Drone x2  
  14  0:34  Drone  
  17  0:48  Spawning Pool  
  16  0:51  Drone  
  17  1:33  Hatchery  
  16  1:42  Queen, Extractor  
  16  1:46  Zergling x4  
  16  1:47  Zergling x2  
  19  2:03  Overlord  
  19  2:18  Queen, Drone  
  22  2:26  Overlord  
  22  2:29  Drone  
  23  2:41  Metabolic Boost  
  23  2:50  Drone x2  
  25  2:59  Drone x4  
  27  3:22  Drone x5  
  27  3:26  Queen  
  34  3:42  Evolution Chamber  
  34  3:44  Evolution Chamber  
  32  3:52  Drone  
  32  3:53  Drone x4  
  36  4:16  Drone x2  
  38  4:17  Drone x2  
  38  4:18  Drone  
  41  4:37  Queen  
  43  4:40  Hatchery  
  42  4:51  Lair  
  42  4:55  Zerg Melee Weapons Level 1  
  42  4:58  Zerg Ground Armor Level 1  
  42  5:02  Extractor  
  42  5:04  Drone x2  
  42  5:26  Zergling x2  
  43  5:29  Overlord x3  
  43  5:57  Zergling x2  
  43  5:58  Zergling x24  
  56  6:09  Hydralisk Den  
  55  6:39  Drone x8  
  63  6:42  Overlord x2  
  63  6:43  Overlord x3  
  63  6:52  Zerg Melee Weapons Level 2  
  63  6:56  Baneling Nest  
  62  7:04  Extractor  
  62  7:05  Extractor  
  60  7:14  Extractor, Drone x9  
  68  7:16  Extractor  
  67  7:33  Muscular Augments  
  53  8:21  Drone x6  
  53  8:22  Drone x2  
  53  8:23  Drone  
  62  8:41  Drone x5  
  67  8:54  Drone x5  
  67  8:55  Drone x3  
  73  9:02  Overlord x5  
  75  9:44  Zerg Ground Armor Level 2  
  75  9:59  Spire  
  74  10:00  Infestation Pit  
  74  10:03  Zergling x22  
  74  10:04  Zergling x6  
  74  10:05  Zergling x14  
  94  10:07  Centrifical Hooks  
  94  10:22  Hydralisk  
  94  10:23  Hydralisk x9  
  114  10:28  Overlord  
  114  10:29  Overlord  
  114  10:34  Baneling x10  
  114  10:35  Baneling x8  
  114  10:41  Hive  
  114  10:52  Hydralisk  
  114  10:53  Hydralisk x11  
  138  11:02  Zerg Missile Weapons Level 1  
  138  11:19  Hatchery, Corruptor x2  
  138  11:20  Corruptor  
  92  12:28  Hydralisk x3  
  92  12:29  Hydralisk x14  
  116  12:34  Hydralisk  
  116  12:35  Hydralisk x3  
  80  13:35  Zergling x22  
  80  13:36  Zergling x10  
  88  13:43  Hatchery  
  85  13:53  Greater Spire  
  85  14:08  Corruptor x2  
  85  14:09  Corruptor  
  91  14:10  Hatchery  
  79  14:39  Hydralisk x11  
  101  14:52  Zergling x6  
  104  15:24  Extractor x2  
  104  15:25  Brood Lord x2  
  104  15:26  Brood Lord x3  
  112  15:29  Zergling x2  
  112  15:30  Zergling x38  
  132  15:51  Extractor  
  132  15:53  Extractor, Adrenal Glands  
  96  16:49  Overseer  
  76  16:57  Zergling x22  
  76  16:58  Zergling x16  
  96  17:05  Pneumatized Carapace  
  81  17:44  Queen  
  81  17:47  Zergling x26  
  91  18:07  Hatchery  
  91  18:10  Zerg Melee Weapons Level 3  
  91  18:11  Zerg Ground Armor Level 3  
  90  18:38  Hydralisk x16  
  122  18:48  Zergling x4  
  123  18:49  Zergling x2  
  123  18:54  Baneling x15  
  123  18:55  Baneling x3  
  125  18:56  Baneling x6  
  125  18:58  Zergling x10  
  125  18:59  Zergling x2  
  125  19:02  Overlord x2  
  131  19:03  Overlord  
  131  19:31  Zergling x24  
  132  19:32  Zergling x8  
  88  20:43  Zergling x42  
  88  20:44  Zergling x8  
  111  21:10  Hydralisk  
  111  21:11  Hydralisk x12  
Show
View Real Time Build Order
Export as new Build Order

tojuskaw Protoss 

Build Orders: Nexus First 

Get SALT Encoding   

  12  0:03  Probe (Chrono Boost)  
  14  0:14  Probe (Chrono Boost)  
  14  0:27  Probe (Chrono Boost), Pylon  
  15  0:45  Probe (Chrono Boost)  
  16  0:55  Probe (Chrono Boost)  
  17  1:03  Nexus  
  17  1:08  Probe (Chrono Boost)  
  18  1:18  Forge  
  18  1:21  Probe (Chrono Boost)  
  19  1:31  Probe (Chrono Boost)  
  20  1:38  Gateway  
  20  1:43  Probe (Chrono Boost)  
  21  1:51  Photon Cannon  
  21  1:57  Photon Cannon  
  21  1:59  Probe (Chrono Boost)  
  22  2:03  Assimilator  
  22  2:10  Probe (Chrono Boost)  
  23  2:20  Probe (Chrono Boost)  
  24  2:28  Probe (Chrono Boost)  
  25  2:30  Pylon  
  25  2:31  Probe (Chrono Boost)  
  26  2:41  Cybernetics Core  
  26  2:43  Assimilator  
  26  2:45  Probe x2 (Chrono Boost)  
  28  2:54  Photon Cannon  
  28  2:56  Probe (Chrono Boost)  
  28  2:57  Probe (Chrono Boost)  
  30  3:06  Probe (Chrono Boost)  
  30  3:08  Probe (Chrono Boost)  
  31  3:22  Stargate  
  31  3:24  Assimilator  
  31  3:25  Probe (Chrono Boost)  
  31  3:26  Probe (Chrono Boost)  
  33  3:30  Adept  
  35  3:36  Probe x2 (Chrono Boost)  
  35  3:40  Gateway  
  37  3:46  Probe (Chrono Boost)  
  37  3:47  Probe (Chrono Boost)  
  39  3:57  Probe x2 (Chrono Boost), Adept  
  43  4:06  Protoss Ground Armor Level 1  
  43  4:08  Probe x2 (Chrono Boost)  
  45  4:15  Twilight Council  
  45  4:20  Probe (Chrono Boost)  
  45  4:21  Pylon  
  46  4:27  Pylon  
  46  4:39  Adept, Probe x2 (Chrono Boost), Phoenix  
  46  4:40  Adept  
  54  4:50  Probe x2 (Chrono Boost)  
  54  4:52  Resonating Glaives  
  56  4:53  Pylon  
  56  4:56  Robotics Facility  
  56  5:00  Probe (Chrono Boost)  
  56  5:06  Probe (Chrono Boost), Adept  
  60  5:07  Adept  
  60  5:12  Probe (Chrono Boost)  
  63  5:16  Probe (Chrono Boost)  
  62  5:24  Probe (Chrono Boost)  
  62  5:27  Probe (Chrono Boost)  
  64  5:34  Adept x2  
  68  5:36  Nexus  
  68  5:49  Assimilator  
  68  6:01  Adept  
  70  6:09  Pylon  
  70  6:10  Pylon  
  70  6:11  Gateway  
  70  6:15  Gateway  
  70  6:17  Gateway  
  70  6:27  Adept, Immortal, Probe x2 (Chrono Boost)  
  70  6:28  Adept  
  80  6:38  Probe x2 (Chrono Boost)  
  82  6:44  Pylon  
  82  6:49  Probe x2 (Chrono Boost)  
  82  6:51  Templar Archives  
  84  6:54  Adept  
  84  6:58  Photon Cannon  
  84  6:59  Probe x2 (Chrono Boost)  
  88  7:02  Adept, Assimilator  
  88  7:07  Gateway, Immortal  
  94  7:09  Adept x3  
  94  7:15  Gateway  
  100  7:17  Pylon  
  100  7:21  Adept  
  102  7:24  Probe x2 (Chrono Boost)  
  104  7:31  Pylon  
  104  7:46  Immortal  
  96  8:00  Probe x2 (Chrono Boost)  
  96  8:01  Adept  
  96  8:05  Void Ray  
  110  8:08  High Templar x3  
  110  8:11  Gateway  
  108  8:15  Gateway x2  
  108  8:18  Gateway  
  108  8:20  Protoss Ground Weapons Level 1  
  108  8:25  Immortal  
  108  8:26  Pylon  
  112  8:34  Probe x2 (Chrono Boost)  
  112  8:40  Assimilator  
  112  8:44  Pylon  
  112  8:48  Stalker x2  
  112  8:49  Stalker x3  
  112  8:52  Archon  
  122  9:04  Adept x3  
  122  9:05  Adept x3  
  122  9:07  Probe (Chrono Boost)  
  135  9:17  Probe (Chrono Boost), Pylon  
  135  9:18  Stalker  
  135  9:19  High Templar  
  135  9:20  Probe (Chrono Boost), Pylon  
  141  9:35  Probe (Chrono Boost)  
  142  9:42  Immortal  
  142  9:45  Charge  
  146  9:46  Probe (Chrono Boost)  
  146  9:48  Zealot x5  
  157  9:53  Pylon  
  157  9:55  Pylon  
  157  10:04  Photon Cannon  
  157  10:07  Pylon  
  157  10:11  Mothership Core (Chrono Boost), Zealot x3  
  157  10:13  Zealot x3  
  171  10:15  Zealot  
  173  10:26  High Templar x4  
  181  10:32  Nexus  
  181  10:33  Photon Cannon  
  181  10:36  Photon Cannon  
  181  10:39  Pylon  
  181  10:54  Assimilator  
  181  10:58  High Templar, Assimilator  
  181  11:00  Pylon  
  181  11:02  Pylon  
  183  11:05  Stalker x2, Pylon  
  183  11:06  Stalker  
  189  11:13  Protoss Ground Weapons Level 2  
  189  11:16  Archon x2  
  189  11:18  Stalker x4  
  197  11:19  Stalker  
  199  11:27  Pylon  
  199  11:38  Photon Cannon  
  199  11:40  Photon Cannon  
  199  11:57  Photon Cannon  
  199  12:10  Stalker  
  161  12:19  Zealot  
  161  12:20  Zealot x4  
  151  12:22  High Templar  
  151  12:26  Immortal  
  151  12:27  Void Ray  
  153  12:31  Photon Cannon  
  153  12:33  Photon Cannon  
  143  12:47  Nexus  
  143  12:49  Pylon  
  143  12:52  Pylon  
  143  12:54  Stalker x4  
  143  12:58  High Templar x3  
  147  12:59  High Templar x3  
  147  13:02  High Templar  
  143  13:31  Psionic Storm  
  118  13:44  High Templar x2  
  118  13:45  High Templar  
  118  13:47  Adept x6  
  118  13:48  Adept x2  
  134  13:51  Dark Shrine  
  132  13:58  Photon Cannon  
  132  14:02  Photon Cannon  
  132  14:03  Archon x4  
  132  14:15  Photon Cannon  
  132  14:18  Pylon  
  132  14:21  Pylon  
  132  14:23  Assimilator  
  132  14:25  Assimilator  
  132  14:48  Void Ray  
  136  15:05  Probe (Chrono Boost), Photon Cannon  
  137  15:20  Dark Templar x2  
  137  15:21  Dark Templar x9  
  159  15:40  Observer  
  160  15:45  Protoss Ground Weapons Level 3  
  160  15:48  Forge  
  160  15:59  Dark Templar  
  160  16:01  Observer  
  163  16:08  Stalker x4  
  163  16:09  Stalker x3  
  163  16:10  Stalker x2  
  181  16:15  Pylon  
  181  16:22  Immortal  
  158  16:46  Stalker x4  
  158  16:47  Stalker x6  
  144  16:49  Stalker  
  150  17:06  Void Ray  
  154  17:10  Stargate  
  152  17:16  Stargate  
  152  17:19  Stargate, Probe (Chrono Boost)  
  152  17:20  Stargate  
  139  17:43  Probe x2 (Chrono Boost)  
  133  17:53  Dark Templar x2  
  133  17:54  High Templar  
  133  17:55  High Templar x2  
  143  17:59  Void Ray  
  143  18:04  Void Ray x2  
  153  18:09  Void Ray  
  155  18:31  High Templar x2  
  159  18:44  Void Ray  
  159  18:45  Nexus  
  159  18:47  Void Ray x2  
  171  18:51  Void Ray  
  175  18:56  Archon  
  175  19:18  Adept x4  
  175  19:19  Adept x7  
  196  19:28  Photon Cannon  
  196  19:33  Pylon  
  196  19:35  Photon Cannon  
  196  19:39  Pylon  
  196  19:41  Photon Cannon  
  196  19:45  Adept x2  
  117  20:24  Zealot x4  
  117  20:25  Zealot x7  
  100  20:46  Void Ray  
  104  20:51  Zealot  
  104  20:52  Probe (Chrono Boost)  
  107  21:01  High Templar x2  
  107  21:02  High Templar x4  
  107  21:03  High Templar  
  123  21:05  High Templar  
  123  21:08  High Templar  
  127  21:21  High Templar  
  127  21:22  Probe (Chrono Boost)  
  99  21:33  Probe (Chrono Boost)  
  84  21:43  Probe (Chrono Boost), Archon  
  84  21:44  Archon  
  84  21:45  Archon  
  84  21:49  Archon  
  85  21:54  Probe (Chrono Boost)  
Tags
 
Add a new tag
Caveats
  • Supply blocks, unpowered buildings, or Contaminate may cause inaccurate times.
  • Supply counts are checked every 10 seconds.